 Dungeon Crawl Stone Soup version 0.31-a0-331-geda263fcf1 (webtiles) character file.

Game seed: 3022607030315544820

2020 cforsyth the Geomancer (level 9, -1/57 HPs)
             Began as a Vampire Earth Elementalist on July 20, 2023.
             Was a Follower of Vehumet.
             Slain by a killer bee (3 damage)
             ... on level 7 of the Dungeon.
             The game lasted 00:12:24 (6823 turns).

cforsyth the Geomancer (Vampire Earth Elementalist) Turns: 6823, Time: 00:12:25

Health: -1/57      AC:  3    Str:  7    XL:     9   Next: 3%
Magic:  18/20      EV: 12    Int: 22    God:    Vehumet [*.....]
Gold:   315        SH:  0    Dex: 14    Spells: 19/23 levels left

rFire   . . .        (no weapon)
rCold   . . .        (no shield)
rNeg    . . .        a - +0 robe
rPois   .            n - +0 helmet
rElec   .            (no cloak)
rCorr   .            (no gloves)
SInv    +            (no boots)
Will    .....        (no amulet)
Stlth   ++           l - ring of flight
HPRegen 0.49/turn    (no ring)
MPRegen 0.17/turn

%: no passive effects
@: lethally poisoned (-1 -> -27), about to teleport, flying, healing quickly
A: alive, fangs 3, see invisible, vampiric 2
a: Exsanguinate, Renounce Religion


You were on level 7 of the Dungeon.
You worshipped Vehumet.
Vehumet was aware of your devotion.
You visited 1 branch of the dungeon, and saw 7 of its levels.

You collected 315 gold pieces.

Inventory:

Armour
 a - a +0 robe (worn)
 k - the +18 Lear's hauberk
   (You found it on level 2 of the Dungeon)
 n - a +0 helmet (worn)
 o - the +0 leather armour of Eternal Vigilance {Str+3 Slay+3}
   (You found it on level 3 of the Dungeon)

   Str:       It affects your strength (+3).
   Slay:      It affects your accuracy & damage with ranged weapons and melee
   (+3).
Jewellery
 l - a ring of flight (left hand)
Wands
 p - a wand of roots (9)
 s - a wand of light (16)
Scrolls
 d - a scroll of poison
 h - a scroll of revelation {unknown}
 m - a scroll of immolation {unknown}
 q - a scroll of vulnerability {unknown}
 u - 2 scrolls of teleportation
Potions
 b - a potion of magic
 c - a potion of brilliance
 e - a potion of lignification {unknown}
 f - 2 potions of attraction
 i - 3 potions of heal wounds
 j - 2 potions of mutation
 r - 3 potions of curing
 t - 2 potions of haste {unknown}


   Skills:
 - Level 2.1 Dodging
 - Level 3.0 Stealth
 + Level 7.9 Spellcasting
 - Level 1.1 Transmutations
 + Level 8.9 Earth Magic


You had 19 spell levels left.
You knew the following spells:

 Your Spells              Type           Power      Damage    Failure   Level
a - Sandblast             Erth           96%        2d20      1%          1
b - Stone Arrow           Conj/Erth      56%        3d10      3%          3

Your spell library contained the following spells:

 Spells                   Type           Power      Damage    Failure   Level
 Freeze                   Ice            32%        1d5       8%          1
 Passwall                 Tmut/Erth      25%        N/A       1%          2
 Petrify                  Tmut/Erth      30%        N/A       10%         4
 Cigotuvi's Dreadful Rot  Necr/Pois/Air  16%        N/A       12%         2
 Ignite Poison            Fire/Tmut/Pois 10%        N/A       19%         3
 Dazzling Flash           Conj/Hex       16%        N/A       22%         3
 Hailstorm                Conj/Ice       8%         3d4       22%         3
 Ozocubu's Armour         Ice            8%         N/A       22%         3
 Volatile Blastmotes      Fire/Tloc      16%        2d11      22%         3
 Summon Ice Beast         Ice/Summ       8%         N/A       58%         4
 Freezing Cloud           Conj/Ice/Air   4%         6-21      91%         5
 Simulacrum               Ice/Necr       4%         N/A       100%        6
 Starburst                Conj/Fire      4%         6d3       100%        6
 Ozocubu's Refrigeration  Ice            4%         4d8       100%        7
 Maxwell's Capacitive Co  Air            4%         ∞         100%        8


Dungeon Overview and Level Annotations

Branches:
Dungeon (7/15)             Temple (0/1) D:5

Altars:
Fedhas
Qazlal
Trog
Vehumet

Shops:
D:2 (   D:5 [

Annotations:
D:4 1 runed translucent door, Crazy Yiuf


Innate Abilities, Weirdness & Mutations

Your natural rate of healing is accelerated.
You have razor-sharp teeth.
You have supernaturally acute eyesight. (SInv)
You are afflicted with vampirism and can become a bat while bloodless.


Message History

Confirm with . or Enter, or press ? or * to list all spells.
Aiming: Sandblast (safe; 1% risk of failure)
Press: ? - help, Shift-Dir - straight line, f/p - killer bee
Aim: a killer bee (69% to hit)
The blast of sand hits the killer bee!
The killer bee is severely wounded.
The killer bee closely misses you. The killer bee stings you!
You are poisoned.
The killer bee poisons you! The killer bee stings you!
The killer bee barely misses you. The killer bee stings you.
Unknown command.
Casting: Sandblast (safe; 1% risk of failure)
Confirm with . or Enter, or press ? or * to list all spells.
Aiming: Sandblast (safe; 1% risk of failure)
Press: ? - help, Shift-Dir - straight line, f/p - killer bee
Aim: a killer bee (69% to hit)
Okay, then.
Unknown command.
As you read the scroll of teleportation, it crumbles to dust.
You feel strangely unstable.
You feel very sick. The killer bee barely misses you.
The killer bee stings you.
You are more poisoned.
The killer bee poisons you! The killer bee stings you.
You are lethally poisoned!
The killer bee poisons you! The killer bee stings you.
The killer bee stings you!
* * * LOW HITPOINT WARNING * * *
You are more poisoned.
The killer bee poisons you!
Unknown command.
Unknown command.
The killer bee attacks as you move away!
The killer bee stings you but does no damage.
* * * LOW HITPOINT WARNING * * *
You feel extremely sick. The killer bee stings you.
* * * LOW HITPOINT WARNING * * *
The killer bee completely misses you. The killer bee stings you.
You die...

### ##...## ##.##
#...# ##...##
##...## #.....#
#.....## ###...###
#......##
#.......###.........
#...†...............
#....#..............
######@.............
##
##y.yyy....########
#..###..##......#
..#..........^....#
...<..............#
#.................#
..................#
..................#
............>#....#


You could see 4 killer bees.

Vanquished Creatures
  Eustachio (D:4)
  A wyvern (D:7)
  An ice beast (D:6)
  4 black bears
  A sky beast (D:6)
  2 ogres
  A phantom (D:6)
  4 wights (D:6)
  2 quasits (D:4)
  2 orc priests (D:5)
  2 jellies (D:6)
  2 sleepcaps
  Jessica (D:2)
  4 iguanas
  2 orc wizards
  Ijyb (D:4)
  8 gnolls
  7 adders
  A shadow imp (D:4)
  2 white imps
  4 ufetubi (D:4)
  A worm (D:2)
  5 dart slugs
  16 orcs
  13 endoplasms
  4 giant cockroaches
  13 goblins
  4 hobgoblins
  10 jackals
  7 quokkas
  7 ball pythons
  3 bats
  2 frilled lizards (D:1)
  10 kobolds
  A rat (D:3)
149 creatures vanquished.

Notes
Turn   | Place    | Note
-------+----------+-------------------------------------------
     0 | D:1      | cforsyth the Vampire Earth Elementalist began the quest for
                  | the Orb.
     0 | D:1      | Reached XP level 1. HP: 13/13 MP: 3/3
   114 | D:1      | Reached XP level 2. HP: 19/19 MP: 3/5
   519 | D:1      | Gained mutation: You are afflicted with vampirism and can
                  | become a bat while bloodless. [Vampire growth]
   519 | D:1      | Reached XP level 3. HP: 24/24 MP: 2/7
  1104 | D:1      | Reached skill level 4 in Earth Magic
  1400 | D:2      | Reached XP level 4. HP: 30/30 MP: 6/8
  1515 | D:2      | Found Nasiolegh's Antique Weapon Shoppe.
  1640 | D:2      | Noticed Jessica
  1643 | D:2      | Killed Jessica
  1753 | D:2      | Found the +18 Lear's hauberk
  2307 | D:3      | Identified the +0 leather armour of Eternal Vigilance
                  | {Str+3 Slay+3}
  2361 | D:3      | Noticed a black bear
  2366 | D:3      | Killed a black bear
  2367 | D:3      | Reached skill level 5 in Earth Magic
  2367 | D:3      | Reached XP level 5. HP: 35/35 MP: 4/11
  2862 | D:4      | HP: 1/35 [iguana (4)]
  2868 | D:3      | Reached XP level 6. HP: 37/41 MP: 6/12
  3030 | D:4      | Noticed Eustachio
  3045 | D:4      | Killed Eustachio
  3149 | D:4      | Noticed Ijyb
  3155 | D:4      | Killed Ijyb
  3250 | D:5      | Entered Level 5 of the Dungeon
  3462 | D:5      | Reached skill level 5 in Spellcasting
  3658 | D:5      | Found a bloodstained altar of Trog.
  3663 | D:5      | Found a radiant altar of Vehumet.
  3673 | D:5      | Reached skill level 6 in Earth Magic
  3673 | D:5      | Reached XP level 7. HP: 46/46 MP: 9/14
  3685 | D:5      | Became a worshipper of Vehumet
  3906 | D:5      | Found Ehe Gua's Antique Armour Boutique.
  3909 | D:5      | Found a staircase to the Ecumenical Temple.
  4878 | D:4      | Reached skill level 7 in Earth Magic
  5009 | D:4      | Reached * piety under Vehumet
  5009 | D:4      | Offered knowledge of Freeze by Vehumet.
  5266 | D:4      | Found a runed translucent door.
  5267 | D:4      | Noticed Crazy Yiuf
  5594 | D:6      | Reached XP level 8. HP: 52/52 MP: 14/17
  5740 | D:6      | Noticed a boulder beetle
  6004 | D:5      | Learned a level 3 spell: Stone Arrow
  6059 | D:6      | Reached skill level 8 in Earth Magic
  6433 | D:6      | Found a blossoming altar of Fedhas.
  6453 | D:6      | Found a stormy altar of Qazlal.
  6740 | D:7      | Reached XP level 9. HP: 25/57 MP: 15/20
  6823 | D:7      | HP: 2/57 [killer bee (2)]
  6823 | D:7      | Slain by a killer bee

Illustrated notes

Levels and vault maps discovered:
D:1:      roderic_chinese_lattice_arrival, layout_loops_corners
D:2:      layout_basic, serial_shops, shop, uniq_jessica
D:3:      layout_basic
D:4:      layout_rooms, serial_demonic, serial_demonic_f, serial_demonic_a,
          serial_demonic_c, serial_demonic_g, serial_demonic_d,
          serial_demonic_b, minmay_vboxes, uniq_ijyb, uniq_eustachio,
          uniq_crazy_yiuf_cottage
D:5:      black_bear_nest_2, layout_basic, mainiacjoe_overflow_catwalk_spiral,
          minmay_temple_entry_from_below_a, serial_shops,
          nicolae_shop_overgrown_old_shop
D:6:      layout_basic, grunt_temple_overflow_forces_of_nature, st_stairs_9,
          minmay_chambers_of_fives
D:7:      nzn_winding_woodlands_medium [nzn_winding_woodlands_5x5_three,
          nzn_winding_woodlands_5x15_lazy_stream,
          nzn_winding_woodlands_5x5_checkerboard,
          nzn_winding_woodlands_5x5_cross, nzn_winding_woodlands_center_lodge,
          nzn_winding_woodlands_hourglass, nzn_winding_woodlands_5x5_perimeter,
          nzn_winding_woodlands_5x15_crooked,
          nzn_winding_woodlands_5x5_closed_star], layout_cave_pools,
          nicolae_tso_swordbearing_angel, general_overflow_altar,
          mainiacjoe_overflow_cross_hatched, serial_gnoll_camp,
          gnoll_camp_medium_02, grums_kennel, gnoll_camp_mini_shop,
          gnoll_camp_mini_doghouse

Skill      XL: |  1  2  3  4  5  6  7  8 |
---------------+-------------------------+-----
Spellcasting   | 3 4 5 6 7 |  7.9
Earth Magic    | 4 5 6 7 8 |  8.9
Dodging        | |  2.1
Stealth        | |  3.0
Transmutations | |  1.1

Action                     |  1- 3 |  4- 6 |  7- 9 || total
---------------------------+-------+-------+-------++-------
  Melee: Unarmed           |       |     1 |    12 ||    13
         Bite              |       |       |     2 ||     2
   Cast: Sandblast         |    59 |    93 |   118 ||   270
         Stone Arrow       |       |       |     5 ||     5
    Use: Potion            |       |     1 |       ||     1
         Scroll            |       |     4 |     4 ||     8
 Armour: Robe              |     2 |    10 |    17 ||    29
  Dodge: Dodged            |     7 |    54 |    44 ||   105

Table legend: (Time is in decaauts)
 A = Elapsed time spent in this place.
 B = Non-inter-level travel time spent in this place.
 C = Inter-level travel time spent in this place.
 D = Time resting spent in this place.
 E = Time spent auto-exploring this place.
 F = Levels seen in this place.
 G = Mean time per level.
                   A        B        C        D        E       F      G
               +--------+--------+--------+--------+--------+-----+--------+
         Total |   6962 |   6740 |    222 |    784 |   4620 |   7 |  994.6 |
       Dungeon |   6962 |   6740 |    222 |    784 |   4620 |   7 |  994.6 |
               +--------+--------+--------+--------+--------+-----+--------+

Top non-repeatable levels by time:
     D:5: 1869 daAuts
     D:1: 1285 daAuts
     D:4: 1160 daAuts
     D:2: 1036 daAuts
     D:6: 857 daAuts
     D:3: 630 daAuts
     D:7: 122 daAuts
